AoeStats
← lamanito6

Arena

506335841Analyzed
3v3 RM · 20d ago on Sep 13, 2026· 51m 51s· 6 players
Game mode
Random Map
Map size
Normal (6 player)
Population
200
Speed
Normal
Resources
Standard
Victory
Conquest
Starting age
Dark Age
Ending age
Imperial Age
RankedLock teamsTeams togetherTeam positionsShared explorationLock speedFull tech treeHidden civsTurbo modeCheats
Victory
Defeat
🇪🇸 Slavs · Spain
1143
+11
🇲🇽 Saracens · Mexico
1104
+13
🇹🇼 Sicilians · Taiwan
920
+33
🇦🇹 Bohemians · Austria
1047
-16
🇻🇳 Mongols · Vietnam
1035
-15
🇻🇳 Persians · Vietnam
1016
-14
Biskrem
11:28 Feudal Age
15:08 Castle Age
13:51 Double-Bit Axe
13:48 Horse Collar
23:19 Heavy Plow
29:49 Imperial Age
29:03 Bow Saw
29:38 Wheelbarrow
29:04 Pikeman
29:44 Squires
29:30 Arson
29:46 Scale Mail Armor
29:57 Forging
31:07 Chemistry
30:33 Ballistics
31:17 Chemistry
31:38 Chain Mail Armor
31:58 Iron Casting
31:36 Wagenburg Tactics
31:50 Houfnice
33:09 Conscription
33:41 Siege Engineers
33:55 Hand Cart
34:32 Halberdier
36:32 Plate Mail Armor
37:13 Blast Furnace
38:55 Fletching
38:36 Elite Hussite Wagon
41:00 Bodkin Arrow
43:12 Bracer
vyvanvuong159
10:39 Feudal Age
11:33 Loom
11:57 Double-Bit Axe
11:57 Man-at-Arms
12:25 Arson
14:16 Scale Barding Armor
14:22 Forging
14:15 Scale Mail Armor
17:50 Horse Collar
26:22 Wheelbarrow
26:30 Fletching
39:03 Padded Archer Armor
quocdaicd15s1
10:26 Feudal Age
14:21 Castle Age
13:27 Double-Bit Axe
14:06 Horse Collar
15:06 Wheelbarrow
16:17 Stone Mining
21:00 Bloodlines
20:10 Light Cavalry
25:13 Scale Barding Armor
26:07 Forging
29:46 Hand Cart
30:24 Heavy Plow
34:36 Imperial Age
32:25 Loom
33:04 Fletching
33:15 Padded Archer Armor
34:25 Elite Skirmisher
35:19 Light Cavalry
37:08 Husbandry
38:08 Town Watch
39:42 Iron Casting
39:09 Scale Mail Armor
40:01 Town Patrol
41:01 Hussar
43:14 Ballistics
rms_0489
1:56 Loom
2:27 Loom
2:40 Loom
3:06 Loom
5:28 Loom
5:41 Loom
9:33 Feudal Age
9:01 Loom
9:36 Loom
15:07 Fletching
18:11 Town Watch
19:25 Horse Collar
27:46 Castle Age
27:33 Double-Bit Axe
27:40 Gold Mining
28:40 Crossbowman
29:49 Thumb Ring
30:46 Heavy Plow
32:43 Bodkin Arrow
36:41 Bloodlines
38:36 Husbandry
42:26 Forging
43:05 Scale Barding Armor
44:43 Chain Barding Armor
49:27 Imperial Age
48:03 Iron Casting
47:11 Light Cavalry
52:41 Conscription
lamanito6
7:17 Loom
9:57 Feudal Age
10:43 Double-Bit Axe
11:25 Horse Collar
17:16 Castle Age
17:06 Forging
16:56 Scale Mail Armor
17:35 Man-at-Arms
18:16 Squires
18:32 Long Swordsman
20:34 Chain Mail Armor
24:34 Wheelbarrow
29:42 Hand Cart
31:45 Iron Casting
31:16 Scale Barding Armor
33:48 Imperial Age
31:27 Detinets
34:28 Bow Saw
33:53 Capped Ram
33:56 Two-Handed Swordsman
34:39 Druzhina
35:18 Champion
36:59 Siege Ram
40:14 Chain Barding Armor
40:57 Blast Furnace
40:27 Plate Mail Armor
D9019819
3:09 Loom
13:47 Feudal Age
18:29 Castle Age
18:59 Forging
19:32 Fletching
22:15 Bloodlines
23:32 Murder Holes
24:03 Gold Mining
23:55 Horse Collar
24:04 Double-Bit Axe
25:20 Heavy Plow
27:11 Bow Saw
28:19 Pikeman
28:46 Gambesons
29:03 Scale Mail Armor
32:09 Husbandry
32:26 Chain Mail Armor
35:33 Imperial Age
33:35 Ballistics
36:13 Squires
35:59 Arson
35:34 Halberdier
36:55 Iron Casting
38:22 Plate Mail Armor
38:31 Scale Barding Armor
38:26 Bodkin Arrow
44:01 Chemistry
44:43 Cavalier
44:56 Crossbowman
46:04 Scale Barding Armor
47:00 Blast Furnace
46:08 Scale Barding Armor
46:04 Bracer
47:12 Conscription
Connection lost

Rejoining the realm…

Still unreachable

The connection could not be restored.

Session expired

The server has moved on; the page needs a fresh start.